 Dungeon Crawl Stone Soup version 0.26-a0-639-g72c4674329 (webtiles) character file.

Game seed: 6778233167403760554

83549 Ijustatesigmund the Whirler (level 16, 0/132 HPs)
             Began as a Halfling Hunter on Sept 18, 2020.
             Was the Champion of Cheibriados.
             Slain by a vampire mage (6 damage)
             ... on level 15 of the Dungeon.
             The game lasted 01:13:17 (27671 turns).

Ijustatesigmund the Whirler (Halfling Hunter)      Turns: 27671, Time: 01:13:18

Health: 0/132      AC: 16    Str: 35    XL:     16   Next: 24%
Magic:  19/24      EV: 29    Int: 25    God:    Cheibriados [******]
Gold:   1327       SH: 16    Dex: 35    Spells: 11/15 levels left

rFire    . . .     SeeInvis .   a - +4 hunting sling (venom)
rCold    . . .     Faith    .   X - +1 buckler
rNeg     . . .     Spirit   .   p - +2 troll leather armour
rPois    .         Reflect  +   c - +0 helmet
rElec    .         Harm     .   J - +2 cloak
rCorr    .         Rampage  .   l - +2 pair of gloves
MR       +....                  Q - +0 pair of boots
Stlth    +++++.....             L - amulet of reflection
HPRegen  0.72/turn              k - +4 ring of evasion
MPRegen  0.19/turn              T - +6 ring of strength

@: flayed, studying Slings, drained, very slow
A: small, mutation resistance 1, robust 1
a: Bend Time, Temporal Distortion, Slouch, Step From Time, Renounce Religion


You were on level 15 of the Dungeon.
You worshipped Cheibriados.
Cheibriados was exalted by your worship.
You visited 3 branches of the dungeon, and saw 22 of its levels.
You also visited: Volcano.

You collected 1983 gold pieces.
You spent 656 gold pieces at shops.

Inventory:

Hand Weapons
 a - a +4 hunting sling of venom (weapon)
 b - a +0 rapier of protection
 y - a +4 dagger of holy wrath
 V - a +0 demon blade of flaming
Missiles
 f - 508 stones
 q - 7 sling bullets (quivered)
 s - 3 throwing nets
Armour
 c - a +0 helmet (worn)
 l - a +2 pair of gloves (worn)
 p - a +2 troll leather armour (worn)
 J - a +2 cloak (worn)
 Q - a +0 pair of boots (worn)
 X - a +1 buckler (worn)
Jewellery
 k - a +4 ring of evasion (left hand)
 m - the ring "Cimn" {rElec Str+4 Int+3 Dex+6 Slay-2}
   (You took it off a wight on level 10 of the Dungeon)

   [ring of dexterity]

   It affects your strength (+4).
   It affects your intelligence (+3).
   It affects your dexterity (+6).
   It affects your accuracy and damage with ranged weapons and melee attacks
   (-2).
   It insulates you from electricity.
 A - an uncursed ring of resist corrosion
 I - an uncursed ring of ice
 L - an amulet of reflection (around neck)
 P - the ring "Zaunnut" {rC+ rN+ Stlth-}
   (You found it on level 9 of the Dungeon)

   [ring of attention]

   It protects you from cold.
   It protects you from negative energy.
   It makes you less stealthy.
 T - a +6 ring of strength (right hand)
 U - an uncursed ring of positive energy
Wands
 h - a wand of iceblast (40)
 r - a wand of enslavement (15)
 C - a wand of polymorph (30)
 K - a wand of digging (9)
 O - a wand of acid (34)
 R - a wand of paralysis (14)
Scrolls
 d - 7 scrolls of remove curse
 n - 3 scrolls of fog
 o - 4 scrolls of silence
 v - 4 scrolls of magic mapping
 D - 8 scrolls of amnesia
 F - 6 scrolls of immolation
 G - 13 scrolls of teleportation
 H - a scroll of summoning
 N - 5 scrolls of blinking
 W - 4 scrolls of fear
Potions
 e - 3 potions of mutation
 g - 8 potions of heal wounds
 i - 5 potions of brilliance
 j - 2 potions of might
 t - 9 potions of curing
 u - 2 potions of cancellation
 w - a potion of invisibility
 x - 2 potions of magic
 z - 4 potions of stabbing
 B - 5 potions of flight
 M - a potion of lignification {unknown}
 S - a potion of resistance
 Y - a potion of ambrosia
Books
 Z - a manual of Slings
Miscellaneous
 E - a condenser vane (2/2)


   Skills:
 - Level 14.8(14.0) Fighting
 - Level 10.8(10.1) Short Blades
 + Level 20.0(19.1) Slings
 - Level 6.5(5.9) Armour
 - Level 8.7(8.0) Dodging
 - Level 8.1(7.4) Stealth
 - Level 7.0(6.3) Shields
 - Level 5.0(4.4) Hexes
 - Level 5.2(4.5) Translocations
 + Level 11.3(10.5) Invocations


You had 11 spell levels left.
You knew the following spells:

 Your Spells              Type           Power        Failure   Level
a - Portal Projectile     Hex/Tloc       ###...       7%          3
b - Apportation           Tloc           ###...       2%          1

Your spell library contained the following spells:

 Spells                   Type           Power        Failure   Level
 Corona                   Hex            ###....      2%          1
 Slow                     Hex            ###.....     3%          2
 Animate Skeleton         Necr           #.....       14%         1
 Pain                     Necr           #...         14%         1
 Sting                    Tmut/Pois      #...         14%         1
 Summon Small Mammal      Summ           #...         14%         1
 Inner Flame              Hex/Fire       ##......     19%         3
 Poisonous Vapours        Pois/Air       #.....       22%         2
 Cause Fear               Hex            ###.......   24%         4
 Ignite Poison            Fire/Tmut/Pois #.......     41%         3
 Mephitic Cloud           Conj/Pois/Air  #.......     41%         3
 Vampiric Draining        Necr           #.........   41%         3
 Leda's Liquefaction      Hex/Erth       ##........   52%         4
 Animate Dead             Necr           #.........   82%         4
 Olgreb's Toxic Radiance  Pois           #.......     82%         4
 Agony                    Necr           #.......     99%         5


Dungeon Overview and Level Annotations

Branches:
Dungeon (15/15)            Temple (1/1) D:4            Lair (6/6) D:9
 Shoals (0/4) Lair:3       Spider (0/4) Lair:3        Slime (0/5) Lair:6
    Orc (0/2) D:12         Vaults (0/5) D:14         Depths (0/5) D:15
Volcano (visited)

Altars:
Ashenzari
Cheibriados
Dithmenos
Elyvilon
Fedhas
Gozag
Hepliaklqana
Kikubaaqudgha
Makhleb
Nemelex Xobeh
Okawaru
Qazlal
Ru
Sif Muna
Trog
Uskayaw
Vehumet
Wu Jian
Xom
Yredelemnul
Zin
The Shining One

Shops:
D:5 !   D:9 ?   D:10 :

Annotations:
Lair:5 2 runed translucent doors, Veravecs's ghost, journeyman VSWn


Innate Abilities, Weirdness & Mutations

You are small and have problems with some larger weapons.
You are somewhat resistant to further mutation.
You are robust. (+10% HP)


Message History

You hear some strange, mumbled words.
A bolt of negative energy appears from out of thin air!
The bolt of negative energy hits you!!
You feel drained.
* * * LOW HITPOINT WARNING * * *
Firing (i - inventory. (/) - cycle)
q - 8 sling bullets (quivered)
Press: ? - help, Shift-Dir - straight line, f/p - flayed ghost
Aim: a flayed ghost (severely damaged, summoned)
You shoot a sling bullet.
The sling bullet barely misses the flayed ghost.
The flayed ghost hits you!
* * * LOW HITPOINT WARNING * * *
You block something's attack. Something closely misses you.
The centaur warrior skeleton hits you but does no damage.
The centaur warrior simulacrum closely misses you.
You block the centaur warrior skeleton's attack.
You can feel time thicken for a moment.
The necromancer casts a spell.
The necromancer binds the souls of nearby monsters.
Something completely misses you. Something bites you.
You die...

#...(. #.....8 .....P8
#######.P.$P..
###.....#.......
#......(..p.....
######+#...!..ZW..8P..>
#....(....(.<)@.W.((...
#............ZV{...P...
#.............ZZ..PP...
#......................
#...............#.....P
#...............##.PP..
#...............# ####.
#....(..#########
#.......#


You could see a jiangshi (summoned), a flayed ghost (summoned), a freezing
wraith (summoned), a necromancer, a centaur warrior simulacrum (summoned), an
ice dragon zombie and 2 centaur warrior skeletons.

Vanquished Creatures
  Frances (D:12)
  Snorg (D:13)
  Josephine (D:11)
  Harold (Lair:1)
  A fire dragon (Lair:6)
  6 hydras
  A catoblepas (Lair:6)
  10 two-headed ogres
  3 centaur warriors
  A death knight (D:10)
  A death yak (Lair:6)
  An alligator (Lair:6)
  A tengu warrior (D:14)
  The ghost of brk the Cleaver, a novice HOFi (D:7)
  A fire crab (shapeshifter) (D:14)
  2 skeletal warriors
  2 unseen horrors
  Pikel (D:8)
  A lindwurm (Lair:6)
  A phantasmal warrior (D:14)
  3 oklob plants (Lair:2)
  8 ugly things
  2 manticores
  3 cyclopes
  7 elephants
  2 gargoyles
  A centaur zombie (D:13)
  12 cane toads
  6 torpor snails (Lair:6)
  A yaktaur (D:15)
  5 komodo dragons
  A kobold demonologist (D:14)
  2 rime drakes (Lair:5)
  11 polar bears
  3 trolls
  4 tyrant leeches (Lair:6)
  3 meliai
  9 hornets
  Prince Ribbit (D:7)
  3 raiju (Lair:6)
  12 hippogriffs
  17 blink frogs
  4 slime creatures
  An ice dragon zombie (D:15)
  11 dream sheep
  A redback (Lair:3)
  4 wyverns
  A centaur simulacrum (D:15)
  A shadow (D:14)
  3 vampires
  36 yaks
  7 wraiths
  A hog (shapeshifter) (D:14)
  2 basilisks
  A steam dragon (D:10)
  7 vampire mosquitoes (D:12)
  A howler monkey (D:6)
  4 wargs (Lair:6)
  14 hell hounds (Lair:6)
  3 acid dragons
  10 water moccasins
  10 porcupines
  8 orc warriors
  2 ice beasts
  15 black bears
  4 sky beasts
  4 phantoms
  A necrophage (D:9)
  41 wolves
  3 ogres
  9 centaurs
  10 crocodiles
  Blork the orc (D:6)
  2 big kobolds
  14 bullfrogs
  A wyvern zombie (D:11)
  A water moccasin skeleton (D:10)
  2 wyvern skeletons
  4 scorpions
  11 killer bees
  16 wights
  5 bullfrog zombies
  A quasit (D:9)
  5 hounds
  9 jellies
  Crazy Yiuf (D:6)
  3 bullfrog skeletons
  5 centaur skeletons
  9 orc priests
  14 orc wizards
  Natasha (thrice) (D:3)
  15 worker ants
  5 iguanas
  2 hound skeletons
  A howler monkey zombie (D:4)
  3 gnolls
  15 adders
  3 shadow imps
  3 white imps
  An ufetubus (D:8)
  5 oozes
  3 adder zombies
  A worm (D:5)
  A dart slug (D:4)
  7 leopard geckos
  53 orcs
  8 bats
  12 giant cockroaches
  15 goblins
  18 hobgoblins
  16 jackals
  6 quokkas
  2 ball pythons
  4 frilled lizards
  2 jackal skeletons (D:4)
  2 jackal zombies
  28 kobolds
  3 leopard gecko zombies
  A quokka skeleton (D:5)
  10 rats
725 creatures vanquished.

Vanquished Creatures (collateral kills)
  Maggie (D:6)
  An orc priest (D:9)
  4 orcs (D:9)
  A jackal skeleton (D:9)
7 creatures vanquished.

Vanquished Creatures (others)
  28 fungi
  69 plants
  3 withered plants
100 creatures vanquished.

Grand Total: 832 creatures vanquished

Notes
Turn   | Place    | Note
-------+----------+-------------------------------------------
     0 | D:1      | Ijustatesigmund the Halfling Hunter began the quest for the
                  | Orb.
     0 | D:1      | Reached XP level 1. HP: 14/14 MP: 1/1
    56 | D:1      | Reached skill level 6 in Slings
    75 | D:1      | Reached XP level 2. HP: 19/19 MP: 2/2
   416 | D:1      | Reached skill level 7 in Slings
   416 | D:1      | Reached XP level 3. HP: 24/24 MP: 3/3
  1063 | D:2      | Reached XP level 4. HP: 29/29 MP: 4/4
  1958 | D:3      | Reached skill level 8 in Slings
  1958 | D:3      | Reached XP level 5. HP: 35/35 MP: 5/5
  2249 | D:3      | Noticed Natasha
  2261 | D:3      | Killed Natasha
  2261 | D:3      | Reached XP level 6. HP: 32/41 MP: 6/6
  2380 | D:3      | Noticed Natasha
  2382 | D:3      | Killed Natasha
  2651 | D:3      | Noticed Natasha
  2653 | D:3      | Killed Natasha
  2791 | D:4      | Reached XP level 7. HP: 46/46 MP: 7/7
  2794 | D:4      | Reached skill level 9 in Slings
  3174 | D:4      | Reached skill level 5 in Stealth
  3273 | D:4      | Reached XP level 8. HP: 50/54 MP: 8/8
  3490 | D:4      | Found a staircase to the Ecumenical Temple.
  3506 | D:4      | Reached skill level 1 in Armour
  3576 | Temple   | Entered the Ecumenical Temple
  3832 | D:4      | Reached skill level 10 in Slings
  4158 | D:5      | Entered Level 5 of the Dungeon
  4332 | D:5      | Found Nocam's Distillery.
  4340 | D:5      | Bought a potion of mutation for 104 gold pieces
  4340 | D:5      | Bought a potion of curing for 39 gold pieces
  4340 | D:5      | Bought a potion of might for 52 gold pieces
  4340 | D:5      | Gained mutation: You have sharp toenails. [potion of
                  | mutation]
  4341 | D:5      | Gained mutation: Armour fits poorly on your strangely
                  | shaped body. [potion of mutation]
  4342 | D:5      | Lost mutation: Armour fits poorly on your strangely shaped
                  | body. [potion of mutation]
  4342 | D:5      | Lost mutation: You have sharp toenails. [potion of
                  | mutation]
  4342 | D:5      | Gained mutation: You are robust. (+10% HP) [potion of
                  | mutation]
  4751 | D:5      | Reached skill level 1 in Short Blades
  5446 | D:6      | Reached skill level 5 in Fighting
  5614 | D:6      | Found a runed translucent door.
  5615 | D:6      | Noticed Crazy Yiuf
  5629 | D:6      | Killed Crazy Yiuf
  5629 | D:6      | Reached XP level 9. HP: 67/67 MP: 9/9
  6193 | D:6      | Noticed Maggie
  6213 | D:6      | Killed Maggie
  6425 | D:7      | Reached skill level 11 in Slings
  6823 | D:7      | Noticed Prince Ribbit
  6855 | D:7      | Killed Prince Ribbit
  7226 | D:7      | Found a runed translucent door.
  7239 | D:7      | Noticed brk's ghost (novice HOFi)
  7298 | D:7      | Killed brk's ghost
  7298 | D:7      | Reached skill level 5 in Armour
  7298 | D:7      | Reached XP level 10. HP: 41/75 MP: 10/10
  7819 | D:8      | Reached skill level 12 in Slings
  9193 | D:6      | Noticed Blork the orc
  9200 | D:6      | Killed Blork the orc
 10040 | D:9      | Reached skill level 5 in Dodging
 10212 | D:9      | Reached skill level 13 in Slings
 10230 | D:9      | Noticed Pikel
 10291 | D:8      | Killed Pikel
 10291 | D:8      | Reached skill level 5 in Short Blades
 10452 | D:9      | Found a staircase to the Lair.
 10480 | D:9      | Reached XP level 11. HP: 82/82 MP: 11/11
 10525 | D:9      | Noticed a two-headed ogre
 10545 | D:9      | Found an iron altar of Okawaru.
 10802 | D:9      | Found a snail-covered altar of Cheibriados.
 10859 | D:9      | Found a sparkling altar of Nemelex Xobeh.
 10948 | D:9      | Killed a two-headed ogre
 11265 | D:9      | Got a crude platinum ring
 11267 | D:9      | Identified the ring "Zaunnut" {rC+ rN+ Stlth-} (You found
                  | it on level 9 of the Dungeon)
 11505 | D:9      | Identified the +1 great mace "Suasok" {vorpal, Fragile
                  | Int+9 Stlth+}
 11518 | D:9      | Reached skill level 14 in Slings
 11541 | D:9      | Found a bloodstained altar of Trog.
 11542 | D:9      | Found a shattered altar of Ashenzari.
 11550 | D:9      | Found an opulent altar of Gozag.
 11587 | D:9      | Found Gasicomenk's Magic Scroll Emporium.
 11595 | D:9      | Bought a scroll of identify for 26 gold pieces
 11595 | D:9      | Bought a scroll of teleportation for 39 gold pieces
 11595 | D:9      | Bought a scroll of blinking for 97 gold pieces
 11595 | D:9      | Bought a scroll of teleportation for 39 gold pieces
 11778 | D:9      | Found a shadowy altar of Dithmenos.
 11857 | D:10     | Entered Level 10 of the Dungeon
 12394 | D:10     | Found Lufriot's Book Shoppe.
 12451 | D:10     | Noticed a two-headed ogre
 12459 | D:10     | Killed a two-headed ogre
 12562 | D:10     | Noticed a two-headed ogre
 12583 | D:10     | Killed a two-headed ogre
 13892 | D:9      | Bought a scroll of brand weapon for 260 gold pieces
 13998 | D:10     | Noticed a four-headed hydra
 14011 | D:10     | Killed a four-headed hydra
 14011 | D:10     | Reached skill level 15 in Slings
 14011 | D:10     | Reached XP level 12. HP: 74/90 MP: 12/12
 14053 | D:10     | Identified a scroll of acquirement
 14053 | D:10     | Acquired a manual of Fighting
 14266 | D:10     | Noticed a centaur warrior
 14275 | D:10     | Noticed a death knight
 14277 | D:10     | Killed a centaur warrior
 14436 | Lair:1   | Entered Level 1 of the Lair of Beasts
 14619 | Lair:1   | Reached skill level 10 in Fighting
 14651 | Lair:1   | Noticed Harold
 14660 | Lair:1   | Paralysed by Harold for 6 turns
 14675 | Lair:1   | Killed Harold
 16260 | D:9      | Became a worshipper of Cheibriados the Contemplative
 16708 | Lair:2   | Reached skill level 1 in Invocations
 17030 | Lair:3   | Found a hole to the Spider Nest.
 17044 | Lair:3   | Reached XP level 13. HP: 98/108 MP: 15/15
 17097 | Lair:3   | Found a dark tunnel.
 17105 | Volcano  | Entered a volcano
 17334 | Lair:3   | Reached * piety under Cheibriados
 17397 | Lair:3   | Found a staircase to the Shoals.
 17533 | Lair:3   | Reached skill level 5 in Invocations
 18038 | Lair:4   | Reached skill level 1 in Shields
 18252 | Lair:4   | Reached ** piety under Cheibriados
 18382 | Lair:4   | Noticed a five-headed hydra
 18393 | Lair:4   | Killed a five-headed hydra
 19187 | Lair:5   | Found a large runed translucent door.
 19187 | Lair:5   | Found a large runed translucent door.
 19286 | Lair:5   | Noticed a six-headed hydra
 19293 | Lair:5   | Killed a six-headed hydra
 19322 | Lair:5   | Reached *** piety under Cheibriados
 19422 | Lair:5   | Learned a level 3 spell: Portal Projectile
 19610 | Lair:5   | Reached skill level 1 in Translocations
 19852 | Lair:5   | Reached XP level 14. HP: 118/118 MP: 19/19
 19944 | Lair:5   | Reached skill level 1 in Hexes
 19985 | Lair:5   | Acquired a manual of Slings
 20327 | Lair:5   | Noticed Veravecs's ghost (journeyman VSWn)
 20486 | Lair:6   | Entered Level 6 of the Lair of Beasts
 20566 | Lair:6   | Reached **** piety under Cheibriados
 20789 | Lair:6   | Found a staircase to the Slime Pits.
 20885 | Lair:6   | Reached skill level 16 in Slings
 20975 | Lair:6   | Reached ***** piety under Cheibriados
 22054 | Lair:6   | Found a runed translucent door.
 22116 | Lair:6   | Reached skill level 17 in Slings
 22300 | Lair:6   | Reached XP level 15. HP: 117/125 MP: 21/21
 22389 | Lair:6   | Reached ****** piety under Cheibriados
 23045 | D:10     | Reached skill level 5 in Shields
 23083 | D:10     | Identified the ring "Cimn" {rElec Str+4 Int+3 Dex+6 Slay-2}
 23248 | D:11     | Noticed Josephine
 23961 | D:11     | Killed Josephine
 23961 | D:11     | Reached skill level 10 in Short Blades
 24321 | D:12     | Reached skill level 18 in Slings
 24363 | D:12     | Learned a level 1 spell: Apportation
 24725 | D:12     | Found a staircase to the Orcish Mines.
 24809 | D:12     | Reached skill level 10 in Invocations
 25057 | D:12     | Reached skill level 5 in Hexes
 25491 | D:13     | Noticed Frances
 25517 | D:12     | Killed Frances
 25637 | D:13     | Noticed Snorg
 25650 | D:13     | Killed Snorg
 26231 | D:14     | Reached skill level 5 in Translocations
 26561 | D:14     | Reached skill level 19 in Slings
 26566 | D:14     | Reached XP level 16. HP: 132/132 MP: 23/23
 27332 | D:14     | Found a gate to the Vaults.
 27367 | D:15     | Entered Level 15 of the Dungeon
 27414 | D:15     | Found a staircase to the Depths.
 27435 | D:14     | Reached skill level 20 in Slings
 27670 | D:15     | HP: 5/132 [flayed ghost[a vampire mage] (16)]
 27671 | D:15     | Slain by a vampire mage

Illustrated notes

Levels and vault maps discovered:
D:1:      dpeg_arrival_tiny_a, layout_basic
D:2:      minmay_general_purpose_star, layout_basic, minmay_pentomino_q4
D:3:      layout_basic, uniq_natasha
D:4:      layout_loops_ring, temple_fountains, serial_undead, serial_undead_e,
          serial_undead_e, serial_undead_e, serial_undead_d,
          kennysheep_generic_room_7
D:5:      layout_loops_ring, serial_shops, shop, minmay_hedge_maze,
          bh_walls_and_bars
D:6:      minmay_inner_zag, layout_loops_ring, uniq_blork_the_orc, uniq_maggie,
          uniq_crazy_yiuf_cottage
D:7:      layout_basic, ebering_ghost_reflecting_pool, uniq_prince_ribbit1
D:8:      corexii_shantytown, layout_loops_ring
D:9:      layout_grid_maze, grunt_temple_overflow_open, cheibriados_altar_1,
          minmay_lair_entry_grove, serial_shops, shop_scrolls,
          nemelex_spade_bored_becter, uniq_pikel
D:10:     minmay_the_grid_octo_tiled_octocenter [minmay_the_grid_octo_77,
          minmay_the_grid_octo_clover, minmay_the_grid_octo_horde,
          minmay_the_grid_octo_odd_swirl,
          minmay_the_grid_octo_prize_single_spiral,
          minmay_the_grid_square_5x5_inverted_slash,
          minmay_the_grid_square_5x5_shuriken, minmay_the_grid_square_5x5_plus,
          minmay_the_grid_square_5x5_fancy_junction], layout_loops_corners,
          serial_shops, shop_statue, st_stairs_11
D:11:     layout_cave_pools, minmay_door_square, uniq_josephine
D:12:     lemuel_upstairs_altar, layout_loops_corners, orc_0_dummy
D:13:     layout_roguey, uniq_frances, uniq_snorg
D:14:     layout_gridville, david_vaults_4, hangedman_decor_clover_reticule
D:15:     gammafunk_depths_entry_grave, layout_basic, moated_statue
Temple:   eino_temple_rhombus
Lair:1:   layout_small_grid, uniq_harold
Lair:2:   layout_hall_layers, chequers_serial_rivers_micro_e, st_stairs_7,
          infiniplex_staircase_pool_2, lemuel_fruit_fields,
          minmay_lair_oklob_chamber
Lair:3:   layout_roguey, shoals_dummy_entry, spider_nest_entry_a,
          lightli_volcano_entry_magma_tube
Lair:4:   layout_concentric_octagons, minmay_stone_trees_medium, minivault_26
Lair:5:   layout_cave_pods, ebering_ghost_disaster_area, beast_lair_carwin_8,
          grunt_megastairs_1, infiniplex_staircase_pool
Lair:6:   hangedman_lair_caniforms_friends, layout_small_grid, wormcave,
          nicolae_slime_entry_slimehenge

Skill      XL: |  1  2  3  4  5  6  7  8  9 10 11 12 13 14 15 16 |
---------------+-------------------------------------------------+-----
Slings         | 6 7 8 9 10 11 13 15 17 19 20 | 20.0
Fighting       | 2 3 4 5 6 7 8 13 14 | 14.8
Stealth        | 2 3 4 5 7 8 |  8.1
Armour         | 2 5 6 |  6.5
Dodging        | 3 4 6 8 |  8.7
Short Blades   | 2 3 5 7 9 10 | 10.8
Invocations    | 3 7 9 10 11 | 11.3
Shields        | 4 7 |  7.0
Translocations | 1 4 5 |  5.2
Hexes          | 3 5 |  5.0

Action                   |  1- 3 |  4- 6 |  7- 9 | 10-12 | 13-15 | 16-18 || total
-------------------------+-------+-------+-------+-------+-------+-------++-------
Melee: Rapier            |       |       |    64 |   281 |    21 |    14 ||   380
       Dagger            |       |       |     4 |    70 |    21 |       ||    95
       Demon blade       |       |       |       |       |    13 |       ||    13
 Fire: Hunting sling     |   104 |   166 |   435 |   955 |  1679 |   165 ||  3504
Throw: Dart              |       |       |     2 |     5 |       |       ||     7
       Throwing net      |       |       |     1 |       |       |       ||     1
Invok: Slouch            |       |       |       |       |     1 |     1 ||     2
       Temporal Distorti |       |       |       |       |     1 |       ||     1
Evoke: Wand              |       |       |     3 |    13 |     1 |       ||    17
  Use: Scroll            |     4 |     4 |     8 |    19 |     9 |     1 ||    45
       Potion            |       |       |     8 |     6 |     1 |       ||    15
 Stab: Paralysed         |       |       |     2 |     3 |       |       ||     5
Armor: Leather armour    |     8 |     6 |    26 |       |       |       ||    40
       Chain mail        |       |       |    12 |   107 |       |       ||   119
       Steam dragon scal |       |       |       |   111 |       |       ||   111
       Troll leather arm |       |       |       |    21 |    82 |    35 ||   138
Dodge: Dodged            |    19 |    21 |    91 |   764 |   468 |   100 ||  1463
Block: Buckler           |       |       |       |       |   430 |    72 ||   502
       Reflection        |       |       |       |       |    13 |     7 ||    20
       Rpst.: Demon blade |       |       |       |       |     1 |       ||     1

Table legend: (Time is in decaauts)
 A = Elapsed time spent in this place.
 B = Non-inter-level travel time spent in this place.
 C = Inter-level travel time spent in this place.
 D = Time resting spent in this place.
 E = Time spent auto-exploring this place.
 F = Levels seen in this place.
 G = Mean time per level.
                   A        B        C        D        E       F      G
               +--------+--------+--------+--------+--------+-----+--------+
         Total |  31618 |  29712 |   1906 |   3870 |  20647 |  23 | 1374.7 |
       Dungeon |  21126 |  20132 |    994 |   3340 |  13265 |  15 | 1408.4 |
        Temple |    156 |    137 |     19 |      0 |    137 |   1 |  156.0 |
          Lair |  10232 |   9341 |    891 |    486 |   7217 |   6 | 1705.3 |
       Volcano |    102 |    102 |      0 |     44 |     27 |   1 |  102.0 |
               +--------+--------+--------+--------+--------+-----+--------+

Top non-repeatable levels by time:
  Lair:6: 3123 daAuts
    D:10: 2900 daAuts
     D:8: 2004 daAuts
    D:12: 2003 daAuts
  Lair:5: 1905 daAuts
    D:14: 1793 daAuts
     D:9: 1763 daAuts
  Lair:4: 1578 daAuts
     D:7: 1478 daAuts
    D:11: 1471 daAuts
  Lair:2: 1395 daAuts
     D:6: 1323 daAuts
     D:5: 1118 daAuts
  Lair:3: 1115 daAuts
  Lair:1: 1114 daAuts
